 Dungeon Crawl Stone Soup version 0.23.2-33-g5129a83184 (webtiles) character file.

Game seed: 13028170345858626835

26250 redmage the Carver (level 13, 0/71 HPs)
             Began as a Vine Stalker Fighter on June 27, 2019.
             Was a Believer of the Shining One.
             Slain by a frost giant
             ... wielding a +3 battleaxe of freezing
              (4 damage)
             ... in an ice cave.
             The game lasted 01:07:31 (4579 turns).

redmage the Carver (Vine Stalker Fighter)           Turns: 4579, Time: 01:07:32

Health: 0/71       AC: 20    Str: 33    XL:     13   Next: 24%
Magic:  0/16       EV: 22    Int:  8    God:    the Shining One [**....]
Gold:   635        SH:  0    Dex: 17    Spells: 10/12 levels left

rFire    . . .     SeeInvis .   a - +2 great sword (holy)
rCold    . . .     Gourm    .   (shield currently unavailable)
rNeg     + + .     Faith    .   o - +3 chain mail
rPois    .         Spirit   +   (no helmet)
rElec    .         Reflect  .   c - +2 cloak
rCorr    .         Harm     .   p - +0 pair of gloves
MR       +....                  r - +1 pair of boots {Stlth+}
Stlth    ..........             l - amulet "Uthyw" {+Rage rN+ Str+3}
HPRegen  1.01/turn              j - +2 ring of evasion
MPRegen  0.15/turn              q - ring of Fikiv {EV+6 Str+4}

@: mighty, glowing
A: fangs 3, regeneration 2, magic shield, antimagic bite, no potion heal 3, rot
immunity
a: Divine Shield, Renounce Religion, Evoke Berserk Rage


You were in an ice cave.
You worshipped the Shining One.
The Shining One was pleased with you.
You were not hungry.

You visited 3 branches of the dungeon, and saw 17 of its levels.
You also visited: Bailey and Ice Cave.

You collected 690 gold pieces.
You spent 55 gold pieces at shops.

Inventory:

Hand Weapons
 a - a +2 great sword of holy wrath (weapon)
 s - the +3 mace of Deulosch {speed, -Tele rC+ MR+}
   (You found it on level 4 of the Dungeon)

   Attacks with this weapon are significantly faster.
   It protects you from cold.
   It affects your resistance to hostile enchantments.
   It prevents most forms of teleportation.
 v - a +0 blowgun
 C - a +0 long sword
 G - a +0 dagger of flaming
Missiles
 n - 11 curare-tipped needles
 y - a throwing net (quivered)
 z - 8 javelins
 I - 3 silver javelins
Armour
 c - a +2 cloak (worn)
 o - a +3 chain mail (worn)
 p - a +0 pair of gloves (worn)
 r - a +1 pair of boots of stealth (worn)
Jewellery
 j - a +2 ring of evasion (left hand)
 l - the amulet "Uthyw" (around neck) {+Rage rN+ Str+3}
   (You found it on level 5 of the Dungeon)

   [amulet of rage]

   It affects your strength (+3).
   It protects you from negative energy.
   It lets you go berserk.
 m - an uncursed ring of teleportation
 q - the ring of Fikiv (right hand) {EV+6 Str+4}
   (You found it on level 5 of the Dungeon)

   [ring of evasion]

   It affects your evasion (+6).
   It affects your strength (+4).
 N - an uncursed ring of wizardry
Wands
 b - a wand of iceblast (2)
 e - a wand of scattershot (8)
 h - a wand of disintegration (17)
 D - a wand of paralysis (13)
 H - a wand of acid (11)
 K - a wand of flame (12)
Scrolls
 w - a scroll of enchant weapon
 B - 2 scrolls of remove curse
 E - a scroll of enchant armour
 F - 2 scrolls of fog
 J - 2 scrolls of teleportation
 L - a scroll of magic mapping
Potions
 d - 4 potions of might
 g - 2 potions of invisibility
 i - 2 potions of mutation
 k - 6 potions of curing
 t - a potion of brilliance
 u - 3 potions of heal wounds
 x - a potion of haste
 A - 3 potions of magic
Miscellaneous
 M - a sack of spiders
Comestibles
 f - 11 rations


   Skills:
 + Level 9.7 Fighting
 * Level 13.3 Long Blades
 - Level 0.1 Throwing
 + Level 7.3 Armour
 + Level 8.1 Dodging
   Level 2.6 Shields
 + Level 3.4 Invocations


You had 10 spell levels left.
You knew the following spells:

 Your Spells              Type           Power        Failure   Level  Hunger
a - Apportation           Tloc           #.....       86%         1    ##.....
b - Animate Skeleton      Necr           N/A          86%         1    ##.....

Your spell library contained the following spells:

 Spells                   Type           Power        Failure   Level  Hunger
 Confusing Touch          Hex            #.....       86%         1    ##.....
 Summon Small Mammal      Summ           #...         86%         1    ##.....


Dungeon Overview and Level Annotations

Branches:
Dungeon (13/15)            Temple (1/1) D:6            Lair (3/6) D:8
  Swamp: Lair:2-4    Shoals: Lair:2-4     Snake: Lair:2-4    Spider: Lair:2-4
    Orc: D:9-12      Vaults: D:13-14

Altars:
Ashenzari
Cheibriados
Dithmenos
Elyvilon
Fedhas
Gozag
Hepliaklqana
Nemelex Xobeh
Qazlal
Ru
Uskayaw
Wu Jian
Xom
Yredelemnul
Zin
The Shining One

Shops:
D:4 (%**   D:11 *[%=*

Annotations:
D:5 1 runed translucent door, doot's ghost, novice TeAE
D:6 3 runed translucent doors, dvd's ghost, novice OpFE
D:7 Harold
D:9 Erolcha


Innate Abilities, Weirdness & Mutations

You have razor-sharp teeth.
You heal very quickly.
When hurt, damage is shared between your health and your magic reserves.
Your bite disrupts and absorbs the magic of your enemies.
Potions cannot restore your health.
You are immune to rotting.


Message History

The bolt of cold hits you!!!
The frost giant gestures at you while chanting.
The bolt of cold hits you!!
* * * LOW HITPOINT WARNING * * *
Okay, then.
You feel very mighty all of a sudden.
The frost giant hits you with a +3 battleaxe of freezing!
* * * LOW HITPOINT WARNING * * *
The frost giant freezes you!
* * * LOW HITPOINT WARNING * * *
You slice the frost giant!! You bite the frost giant!
The frost giant's magic leaks into the air.
You drain its magic.
You feel invigorated.
The frost giant is moderately wounded.
You hit the frost giant. You bite the frost giant.
The frost giant's magic leaks into the air.
You drain its magic.
The frost giant is heavily wounded.
The frost giant hits you with a +3 battleaxe of freezing!!
You die... ..C. #YY. hh.

##.Y
#h. #Y#
#Y##
##C#
##@#
#..#
#.##
#.##
##°###
#°#.##
#.○○°#
##.#.##
≈≈#
#.###°#
≈≈≈≈


You could see a frost giant, a polar bear and 2 yaks.

Vanquished Creatures
  A catoblepas (D:11)
  3 two-headed ogres
  The ghost of adnauseam the Basher, a journeyman GrFi of Ru (D:9)
  2 death yaks (IceCv)
  2 unseen horrors (D:11)
  2 orc knights (Bailey)
  2 cyclopes (D:11)
  A spectral centaur (D:9)
  2 centaur zombies
  An ice statue (IceCv)
  2 spiny frogs
  2 ice devils (Lair:3)
  2 rime drakes (IceCv)
  A merfolk (D:9)
  2 trolls (D:11)
  8 polar bears (IceCv)
  2 hippogriffs
  A meliai zombie (D:9)
  2 vampires
  A wraith (D:12)
  A basilisk (D:8)
  45 yaks
  A wyvern (D:11)
  A hungry ghost (D:8)
  A water moccasin (Lair:1)
  2 porcupines
  4 ice beasts
  9 orc warriors
  2 sky beasts
  A phantom (D:11)
  A centaur (D:9)
  6 ogres
  12 wolves (IceCv)
  2 crocodiles
  A big kobold (D:12)
  A gnoll sergeant (D:10)
  5 bullfrogs
  A wyvern zombie (D:12)
  A water moccasin skeleton (D:5)
  A wyvern skeleton (D:6)
  A hornet simulacrum (D:9)
  5 scorpions
  3 howler monkeys (D:7)
  5 crimson imps
  2 quasits
  A bullfrog zombie (D:8)
  2 jellies
  4 orc priests
  5 hounds
  10 orc wizards
  2 bullfrog skeletons
  4 centaur skeletons
  2 iguanas
  3 worker ants
  A bullfrog simulacrum (D:9)
  2 hound skeletons
  A mummy (D:6)
  11 gnolls
  11 adders
  2 shadow imps
  3 leopard geckos
  30 orcs
  6 giant cockroaches
  11 goblins
  6 hobgoblins
  3 jackals (D:9)
  4 quokkas
  A frilled lizard (D:4)
  5 kobolds
  A rat (D:3)
285 creatures vanquished.

Vanquished Creatures (others)
  2 withered plants (D:5)
2 creatures vanquished.

Grand Total: 287 creatures vanquished

Notes
Turn   | Place    | Note
-------+----------+-------------------------------------------
     0 | D:1      | redmage the Vine Stalker Fighter began the quest for the
                  | Orb.
     0 | D:1      | Reached XP level 1. HP: 11/11 MP: 2/2
    51 | D:3      | Reached skill level 2 in Long Blades
    80 | D:3      | Reached XP level 2. HP: 8/16 MP: 3/3
    80 | D:3      | Reached XP level 3. HP: 10/20 MP: 4/4
   138 | D:4      | Learned a level 1 spell: Apportation
   140 | D:4      | Learned a level 1 spell: Animate Skeleton
   159 | D:4      | Noticed an ogre
   248 | D:4      | Reached skill level 3 in Long Blades
   248 | D:4      | Gained mutation: Your natural rate of healing is unusually
                  | fast. [Vine Stalker growth]
   248 | D:4      | Reached XP level 4. HP: 14/24 MP: 3/5
   267 | D:5      | Entered Level 5 of the Dungeon
   371 | D:5      | Got a wavering bone amulet
   372 | D:5      | Identified the amulet "Uthyw" {+Rage rN+ Str+3} (You found
                  | it on level 5 of the Dungeon)
   402 | D:5      | Reached XP level 5. HP: 28/29 MP: 6/6
   412 | D:5      | Reached skill level 4 in Long Blades
   413 | D:5      | Found a runed translucent door.
   413 | D:5      | Noticed doot's ghost (novice TeAE)
   442 | D:5      | Noticed an ogre
   447 | D:5      | Got a sparkling steel ring
   451 | D:5      | Noticed an ogre
   492 | D:4      | Identified the ring of Fikiv {EV+6 Str+4} (You found it on
                  | level 5 of the Dungeon)
   504 | D:4      | Reached XP level 6. HP: 33/33 MP: 7/7
   545 | D:4      | Got an encrusted mace
   546 | D:4      | Identified the +3 mace of Deulosch {speed, -Tele rC+ MR+}
                  | (You found it on level 4 of the Dungeon)
   551 | D:4      | Reached skill level 5 in Long Blades
   609 | D:4      | Found Oplibin's Assorted Antiques.
   612 | D:4      | Found Goatrum's General Store.
   615 | D:4      | Found Ceorr's Weapon Emporium.
   615 | D:4      | Found Ekoddyuf's Food Emporium.
   628 | D:4      | Bought a scroll of identify for 22 gold pieces
   628 | D:4      | Bought a potion of curing for 33 gold pieces
   689 | D:4      | Noticed a phantom
   828 | D:6      | Found a runed translucent gate.
   828 | D:6      | Found a runed translucent gate.
   828 | D:6      | Found a runed translucent gate.
   828 | D:6      | Found an opulent altar of Gozag.
   828 | D:6      | Found a snail-covered altar of Cheibriados.
   895 | D:5      | Reached XP level 7. HP: 37/37 MP: 8/8
   932 | D:5      | Reached skill level 6 in Long Blades
   932 | D:5      | Reached skill level 1 in Dodging
   943 | D:6      | Noticed a vampire mosquito
   943 | D:6      | Noticed dvd's ghost (novice OpFE)
   994 | D:6      | Noticed an angel
   995 | D:6      | Found a shimmering altar of Xom.
   995 | D:6      | Found a glowing silver altar of Zin.
  1001 | D:6      | Identified a scroll of acquirement
  1188 | D:6      | Found a staircase to the Ecumenical Temple.
  1197 | Temple   | Entered the Ecumenical Temple
  1319 | D:8      | Gained mutation: You have razor-sharp teeth. [Vine Stalker
                  | growth]
  1319 | D:8      | Reached XP level 8. HP: 41/42 MP: 9/9
  1349 | D:7      | Reached skill level 7 in Long Blades
  1362 | D:7      | Noticed Harold
  1442 | D:7      | Reached skill level 5 in Fighting
  1673 | D:9      | Noticed a yak
  1673 | D:9      | Noticed a yak
  1673 | D:9      | Noticed a yak
  1673 | D:9      | Noticed a yak
  1702 | D:9      | Noticed a yak
  1702 | D:9      | Noticed a yak
  1702 | D:9      | Noticed a yak
  1702 | D:9      | Noticed a yak
  1719 | D:9      | Killed a yak
  1726 | D:9      | Killed a yak
  1726 | D:9      | Reached skill level 8 in Long Blades
  1736 | D:9      | Killed a yak
  1736 | D:9      | Reached XP level 9. HP: 35/48 MP: 10/10
  1776 | D:9      | Noticed a merfolk
  1793 | D:9      | Killed a merfolk
  1812 | D:9      | Found an ornate altar of the Wu Jian Council.
  1816 | D:9      | Reached skill level 9 in Long Blades
  1843 | D:9      | Found a runed translucent gate.
  1844 | D:9      | Found a runed translucent gate.
  1848 | D:9      | Found a runed translucent gate.
  1850 | D:9      | Noticed adnauseam's ghost (journeyman GrFi)
  1850 | D:9      | Noticed a spectral centaur warrior
  1950 | D:9      | Reached XP level 10. HP: 40/53 MP: 9/11
  1973 | D:9      | Found a shattered altar of Ashenzari.
  2017 | D:9      | Found a glowing golden altar of the Shining One.
  2148 | D:9      | Found a flagged portal.
  2169 | Bailey   | Entered a bailey
  2230 | Bailey   | Reached skill level 5 in Dodging
  2237 | Bailey   | Reached skill level 10 in Long Blades
  2264 | Bailey   | Noticed an orc knight
  2264 | Bailey   | Noticed an orc knight
  2293 | Bailey   | Killed an orc knight
  2322 | Bailey   | Killed an orc knight
  2360 | Bailey   | Noticed an orc warlord
  2360 | Bailey   | Noticed an orc knight
  2417 | D:10     | Entered Level 10 of the Dungeon
  2558 | D:10     | Noticed a two-headed ogre
  2594 | D:9      | Killed a two-headed ogre
  2722 | D:10     | Reached XP level 11. HP: 45/58 MP: 12/12
  2772 | D:10     | Noticed Erolcha
  2932 | D:9      | Became a worshipper of the Shining One
  2990 | D:11     | Noticed a two-headed ogre
  2994 | D:11     | Noticed a two-headed ogre
  3002 | D:11     | Killed a two-headed ogre
  3002 | D:11     | Reached skill level 11 in Long Blades
  3013 | D:11     | Killed a two-headed ogre
  3013 | D:11     | Reached skill level 5 in Armour
  3066 | D:11     | Killed an unseen horror
  3096 | D:11     | Found Udou's Food Boutique.
  3161 | D:11     | Noticed a cyclops
  3196 | D:11     | Killed a cyclops
  3228 | D:11     | Noticed an unseen horror
  3237 | D:11     | Killed an unseen horror
  3249 | D:11     | Noticed a cyclops
  3256 | D:11     | Killed a cyclops
  3273 | D:11     | Found Fuynio's Armour Shop.
  3345 | D:12     | Reached * piety under the Shining One
  3425 | D:12     | Reached skill level 12 in Long Blades
  3425 | D:12     | Gained mutation: You heal very quickly. [Vine Stalker
                  | growth]
  3425 | D:12     | Reached XP level 12. HP: 52/65 MP: 13/13
  3511 | D:11     | Found Huamyij's Assorted Antiques.
  3634 | D:11     | Noticed a catoblepas
  3645 | D:11     | Killed a catoblepas
  3744 | D:11     | Found Louxt's Jewellery Boutique.
  3763 | D:11     | Found Plog's Assorted Antiques.
  3951 | D:9      | Killed adnauseam's ghost
  4012 | D:8      | Reached ** piety under the Shining One
  4037 | D:8      | Found a staircase to the Lair.
  4073 | D:8      | Found a stormy altar of Qazlal.
  4109 | Lair:1   | Entered Level 1 of the Lair of Beasts
  4165 | Lair:1   | Found a sparkling altar of Nemelex Xobeh.
  4238 | Lair:3   | Found a frozen archway.
  4241 | Lair:3   | Reached skill level 1 in Invocations
  4254 | IceCv    | Entered an ice cave
  4371 | IceCv    | Reached skill level 13 in Long Blades
  4408 | IceCv    | Noticed a death yak
  4413 | IceCv    | Reached XP level 13. HP: 64/70 MP: 12/15
  4552 | IceCv    | Noticed a frost giant
  4577 | IceCv    | HP: 2/71 [frost giant/+3 battleaxe of freezing (7)]
  4579 | IceCv    | Slain by a frost giant

Skill      XL: |  1  2  3  4  5  6  7  8  9 10 11 12 13 |
---------------+----------------------------------------+-----
Long Blades    | 2 3 4 5 6 8 9 10 12 13 | 13.3
Fighting       | 3 4 5 6 7 8 9 |  9.7
Dodging        | 2 3 4 5 6 7 8 |  8.1
Armour         | 3 4 5 7 |  7.3
Invocations    | 2 3 |  3.4
Throwing       | |  0.1
Shields        | |  2.6

Action                   |  1- 3 |  4- 6 |  7- 9 | 10-12 | 13-15 || total
-------------------------+-------+-------+-------+-------+-------++-------
Melee: Long sword        |    18 |    53 |    47 |   224 |       ||   342
       Bite              |     7 |    38 |   142 |   236 |    27 ||   450
       Falchion          |       |    40 |   206 |       |       ||   246
       Great sword       |       |       |       |   230 |    47 ||   277
Throw: Tomahawk          |       |     2 |       |       |       ||     2
       Throwing net      |       |       |       |     1 |       ||     1
Evoke: Wand              |       |     2 |       |       |       ||     2
  Use: Scroll            |     3 |     6 |     9 |    13 |       ||    31
       Potion            |       |       |       |     1 |     1 ||     2
 Stab: Sleeping          |       |       |       |     1 |       ||     1
  Eat: Ration            |       |       |     1 |     1 |     1 ||     3
       Chunk             |       |       |     1 |     6 |       ||     7
Armor: Scale mail        |     4 |    25 |    44 |    13 |       ||    86
       Chain mail        |       |       |       |   122 |    10 ||   132
Dodge: Dodged            |     6 |    33 |   138 |   396 |    47 ||   620
Block: Shield            |     8 |    45 |   111 |   126 |       ||   290
       Rpst.: Long sword |     4 |     8 |     5 |    31 |       ||    48
       Falchion          |       |     3 |    39 |       |       ||    42
       Great sword       |       |       |       |    79 |    10 ||    89
